 Dungeon Crawl Stone Soup version 0.31-a0-446-g07c4bd200f (webtiles) character file.

Game seed: 1870514011253955826

46 Ethylacetat the Insei (level 3, -3/20 HPs)
             Began as a Vine Stalker Monk on Aug 2, 2023.
             Slain by a gnoll
             ... wielding a +0 flail
              (7 damage)
             ... on level 2 of the Dungeon.
             The game lasted 00:01:43 (2055 turns).

Ethylacetat the Insei (Vine Stalker Monk)           Turns: 2055, Time: 00:01:43

Health: -3/20      AC:  2    Str: 13    XL:     3   Next: 66%
Magic:  0/4        EV: 13    Int: 10    God:
Gold:   181        SH:  0    Dex: 18    Spells: 2/2 levels left

rFire   . . .        j - +0 dagger (venom)
rCold   . . .        c - orb {light}
rNeg    . . .        a - +0 robe
rPois   .            (no helmet)
rElec   .            (no cloak)
rCorr   .            (no gloves)
SInv    .            (no boots)
Will    .....        (no amulet)
Stlth   +            (no ring)
HPRegen 0.23/turn    (no ring)
MPRegen 0.09/turn

%: guardian spirit
@: glowing
A: fangs 2, magic shield, antimagic bite, no potion heal 2
a: no special abilities


You were on level 2 of the Dungeon.
You visited 1 branch of the dungeon, and saw 3 of its levels.

You collected 181 gold pieces.

Inventory:

Hand Weapons
 j - a +0 dagger of venom (weapon)
Armour
 a - a +0 robe (worn)
 c - an orb of light (worn)
Wands
 t - a wand of iceblast (8)
Scrolls
 e - 4 scrolls of identify {unknown}
 h - a scroll of poison {unknown}
 k - a scroll of immolation {unknown}
 l - a scroll of acquirement {unknown}
 n - a scroll of revelation {unknown}
 o - a scroll of fog {unknown}
 p - 2 scrolls of enchant armour {unknown}
 q - a scroll of teleportation {unknown}
 r - a scroll of fear {unknown}
 s - a scroll of noise {unknown}
Potions
 b - a potion of ambrosia
 d - a potion of mutation {unknown}
 f - a potion of heal wounds {unknown}
 g - a potion of curing {unknown}
 i - a potion of berserk rage {unknown}
 m - a potion of magic {unknown}


   Skills:
 + Level 3.3 Fighting
 + Level 2.9 Dodging
 + Level 3.5 Unarmed Combat


You had 2 spell levels left.
You didn't know any spells.
Your spell library was empty.

Dungeon Overview and Level Annotations

Branches:
Dungeon (3/15)

Altars:
The Shining One

Shops:
D:1 =


Innate Abilities, Weirdness & Mutations

You have extremely sharp teeth.
When hurt, damage is shared between your health and your magic reserves.
Your bite disrupts and absorbs the magic of your enemies.
Potions cannot restore your health.


Message History

Found a stone.
No target in view!
No target in view!
No target in view!
t - a wand of iceblast (8)
A gnoll comes into view. It is wielding a +0 flail.
A gnoll comes into view. It is wielding a +0 club.
The gnoll shouts! x2
A gnoll comes into view. It is wielding a +0 flail.
The gnoll shouts!
There is an open door here.
There is an open door here.
The gnoll attacks as you move away! The gnoll hits you with a +0 flail!
You barely miss the gnoll. Your bite misses the gnoll.
The gnoll hits you with a +0 flail.
You are too injured to fight recklessly!
You are too injured to fight recklessly!
You are too injured to fight recklessly!
There is a stone staircase leading up here.
The gnoll hits you with a +0 flail.
You climb upwards.
There is a stone staircase leading down here.
You are too injured to fight recklessly!
You are too injured to fight recklessly!
You are too injured to fight recklessly!
You hit the gnoll but do no damage.
The gnoll is poisoned.
Your bite misses the gnoll. The gnoll misses you.
You barely miss the gnoll. Your bite misses the gnoll.
The gnoll hits you with a +0 flail.
* * * LOW HITPOINT WARNING * * *
You hit the gnoll but do no damage. You bite the gnoll. You drain its power.
You feel invigorated.
The gnoll is moderately wounded.
The gnoll hits you with a +0 flail.
* * * LOW HITPOINT WARNING * * *
You hit the gnoll.
The gnoll looks even sicker.
You bite the gnoll. You drain its power.
You feel invigorated.
The gnoll is almost dead.
The gnoll hits you with a +0 flail!
You die...

.#####.##.# #.# #.........# '##
#.##.# #.# #####.##### # ..##
#.##.###.# #.### ##
...###........# #...## ##.
....#####..#### ###..## ##..
.....####...###########...####...
.....'.......................'...
.....####......####.#######.##...
....## #......g@##.# #.###..
...## #.......<##.# #.# ##. ..##
##.......##.# #.# ## +##
###...####.# #.# # .# #...# #.#
#.# .###### ##.## #.#######.#
......# #.# #.........# # ..###.#
#.# #####.##### ## ...##.# #.#
#####.########.


You could see a gnoll (very poisoned).

Vanquished Creatures
  A worm (D:2)
  2 dart slugs
  An orc (D:3)
  3 bats (D:1)
  An endoplasm (D:1)
  3 goblins
  5 hobgoblins
  3 jackals (D:2)
  2 quokkas (D:1)
  5 ball pythons (D:1)
  2 frilled lizards (D:2)
  4 kobolds (D:1)
  3 rats
35 creatures vanquished.

Notes
Turn   | Place    | Note
-------+----------+-------------------------------------------
     0 | D:1      | Ethylacetat the Vine Stalker Monk began the quest for the
                  | Orb.
     0 | D:1      | Reached XP level 1. HP: 11/11 MP: 2/2
   146 | D:1      | Reached XP level 2. HP: 10/16 MP: 3/3
   404 | D:1      | Found Mixulece's Jewellery Emporium.
   815 | D:1      | Reached XP level 3. HP: 20/20 MP: 4/4
   986 | D:2      | Found a glowing golden altar of the Shining One.
  2055 | D:2      | Slain by a gnoll

Illustrated notes

Levels and vault maps discovered:
D:1:      matt_arrival_diagonals, layout_basic, serial_shops,
          nicolae_shop_statue_plus, serial_glass, glass_columns_a,
          glass_columns_b, glass_columns_c, glass_columns_b, glass_columns_b,
          glass_columns_a, glass_columns_a, glass_columns_a,
          minmay_strange_pillars
D:2:      layout_loops_corners, basic_altar
D:3:      layout_basic, uniq_terence

Skill      XL: |  1  2 |
---------------+-------+-----
Fighting       | 3 |  3.3
Dodging        | |  2.9
Unarmed Combat | |  3.5

Action                     || total
---------------------------++-------
  Melee: Unarmed           ||    34
         Bite              ||    22
         Dagger            ||    47
 Armour: Robe              ||    11
  Dodge: Dodged            ||    35

Table legend: (Time is in decaauts)
 A = Elapsed time spent in this place.
 B = Non-inter-level travel time spent in this place.
 C = Inter-level travel time spent in this place.
 D = Time resting spent in this place.
 E = Time spent auto-exploring this place.
 F = Levels seen in this place.
 G = Mean time per level.
                   A        B        C        D        E       F      G
               +--------+--------+--------+--------+--------+-----+--------+
         Total |   2053 |   1971 |     82 |      0 |   1744 |   3 |  684.3 |
       Dungeon |   2053 |   1971 |     82 |      0 |   1744 |   3 |  684.3 |
               +--------+--------+--------+--------+--------+-----+--------+

Top non-repeatable levels by time:
     D:1: 984 daAuts
     D:2: 867 daAuts
     D:3: 201 daAuts
